 Dungeon Crawl Stone Soup version 0.30-a0-743-gbfdf073431 (webtiles) character file.

Game seed: 1427576890433853158

244751 Leeroy the Fencer (level 19, -13/106 HPs)
             Began as a Vine Stalker Warper on Feb 4, 2023.
             Was a Believer of Uskayaw.
             Mangled by a large slime creature (23 damage)
             ... on level 2 of the Vaults on Feb 5, 2023.
             The game lasted 02:34:40 (40889 turns).

Leeroy the Fencer (Vine Stalker Warper)            Turns: 40889, Time: 02:34:41

Health: -13/106    AC: 14    Str: 15    XL:     19   Next: 45%
Magic:  0/41       EV: 18    Int: 13    God:    Uskayaw [**....]
Gold:   710        SH:  0    Dex: 27    Spells: 6/52 levels left

rFire   + + .      SeeInvis .    y - +4 great sword (venom)
rCold   . . .      Faith    .    (shield currently unavailable)
rNeg    . . .      Spirit   +    o - +0 troll leather armour
rPois   .          Reflect  .    h - +2 helmet
rElec   .          Harm     .    F - scarf {rC+ rF+}
rCorr   .          Rampage  .    t - +2 pair of gloves
Will    ++...                    J - +2 pair of boots {Stlth+}
Stlth   ++++                     I - amulet of regeneration
HPRegen 2.77/turn                M - ring of wizardry
MPRegen 0.27/turn                i - ring of Futycrieqi {Fire Dex+6 Stlth+}

@: no status effects
A: fangs 3, regeneration 1, magic shield, antimagic bite, no potion heal 2
}: 2/15 runes: serpentine, barnacled
a: Renounce Religion, Stomp, Line Pass


You were on level 2 of the Vaults.
You worshipped Uskayaw.
Uskayaw was aware of your devotion.
You visited 7 branches of the dungeon, and saw 32 of its levels.
You also visited: Ice Cave.

You collected 3189 gold pieces.
You spent 2479 gold pieces at shops.

Inventory:

Hand Weapons
 b - a +1 scimitar of freezing
 e - the +1 long sword of the Butterfly {vamp, Drain Will- Int+6 Dex+2}
   (You bought it in a shop on level 2 of the Orcish Mines)

   Int:       It affects your intelligence (+6).
   Dex:       It affects your dexterity (+2).
   Drain:     It drains your maximum health when unequipped.
   Will:      It decreases your willpower.
 s - a +2 long sword of flaming
 y - a +4 great sword of venom (weapon)
 z - a +1 scimitar of holy wrath
 D - the +0 scimitar "Hymoorr" {antimagic, rF++ rN+}
   (You bought it in a shop on level 4 of the Snake Pit)

   rF:        It greatly protects you from fire.
   rN:        It protects you from negative energy.
Missiles
 a - 6 curare-tipped darts
 g - 3 silver boomerangs
 j - 38 poisoned darts
 Y - 6 throwing nets
Armour
 d - the +4 kite shield of Famereidie {Int+2 Stlth+}
   (You took it off Donald on level 4 of the Shoals)

   Int:       It affects your intelligence (+2).
   Stlth:     It makes you more stealthy.
 h - a +2 helmet (worn)
 o - a +0 troll leather armour (worn)
 t - a +2 pair of gloves (worn)
 C - a +2 cloak
 F - a scarf of resistance (worn)
 G - the +0 ring mail of the Evening Star {rC- rN++}
   (You found it on level 4 of the Dungeon)

   rC:        It makes you vulnerable to cold.
   rN:        It greatly protects you from negative energy.
 J - a +2 pair of boots of stealth (worn)
 P - the +1 pair of gloves of the Hall of Blades {Rampage *Corrode rPois}
   (You bought it in a shop on level 2 of the Orcish Mines)

   rPois:     It protects you from poison.
   *Corrode:  It may corrode you when you take damage.
   Rampage:   It bestows one free step when moving towards enemies.
 R - an orb of mayhem
 S - a +2 robe of resistance
 W - the +1 ice dragon scales of Hangman {*Corrode rElec rF- rC++ Str+5 Dex-5}
   (You found it in an ice cave)

   Str:       It affects your strength (+5).
   Dex:       It affects your dexterity (-5).
   rF:        It makes you vulnerable to fire.
   rC:        It greatly protects you from cold.
   rElec:     It insulates you from electricity.
   *Corrode:  It may corrode you when you take damage.
Jewellery
 i - the ring of Futycrieqi (right hand) {Fire Dex+6 Stlth+}
   (You bought it in a shop on level 1 of the Orcish Mines)

   [ring of fire]

   It enhances your fire magic.
   Dex:       It affects your dexterity (+6).
   rF:        It protects you from fire.
   rC:        It makes you vulnerable to cold.
   Stlth:     It makes you more stealthy.
 n - a ring of willpower
 w - a ring of the Octopus King {rC+ HP+2 AC+2 EV+2 SH+2}
   (You took it off a merfolk impaler on level 4 of the Shoals)

   [ring of protection from cold]

   AC:        It affects your AC (+2).
   EV:        It affects your evasion (+2).
   rC:        It protects you from cold.
   HP:        It affects your health (+2).
   SH:        It affects your SH (+2).
 I - an amulet of regeneration (around neck)
 M - a ring of wizardry (left hand)
 Q - a +5 ring of evasion
 T - a +6 ring of intelligence
Wands
 x - a wand of roots (15)
 B - a wand of digging (4)
 E - a wand of flame (37)
 L - a wand of mindburst (4)
 N - a wand of quicksilver (14)
 O - a wand of charming (37)
Scrolls
 c - 3 scrolls of magic mapping
 m - 2 scrolls of amnesia
 r - 5 scrolls of poison
 v - 2 scrolls of fog
 K - 2 scrolls of blinking
 U - a scroll of silence
 X - 2 scrolls of teleportation
 Z - a scroll of brand weapon
Potions
 f - 5 potions of curing
 k - 5 potions of brilliance
 l - 13 potions of attraction
 p - 2 potions of berserk rage
 q - 3 potions of cancellation
 u - 8 potions of might
 A - 3 potions of invisibility
 H - 5 potions of haste
 V - 3 potions of mutation


   Skills:
 - Level 14.0 Fighting
 + Level 18.6 Long Blades
 - Level 0.8 Throwing
 - Level 5.9 Armour
 - Level 7.1 Dodging
 - Level 0.3 Shields
 - Level 17.2 Spellcasting
 - Level 5.2 Hexes
 - Level 7.1 Translocations
 - Level 4.1 Transmutations
 - Level 10.2 Invocations
 - Level 3.8 Evocations


You had 6 spell levels left.
You knew the following spells:

 Your Spells              Type           Power      Damage    Failure   Level
a - Blink                 Tloc           58%        N/A       1%          2
b - Vhi's Electric Charg  Tloc/Air       40%        N/A       1%          3
c - Manifold Assault      Tloc           29%        N/A       1%          4
d - Tukima's Dance        Hex            24%        N/A       1%          3
e - Passage of Golubria   Tloc           29%        N/A       1%          4
f - Yara's Violent Unrav  Hex/Tmut       11%        3d6       11%         5
g - Wereblood             Tmut           21%        N/A       1%          2
h - Summon Lightning Spi  Summ/Air       11%        N/A       26%         4
i - Metabolic Englaciati  Hex/Ice        8%         N/A       24%         5
j - Petrify               Tmut/Erth      16%        N/A       11%         4
k - Summon Guardian Gole  Hex/Summ       17%        N/A       2%          3
l - Ozocubu's Armour      Ice            11%        N/A       8%          3
m - Animate Armour        Summ/Erth      22%        N/A       26%         4

Your spell library contained the following spells:

 Spells                   Type           Power      Damage    Failure   Level
 Beastly Appendage        Tmut           42%        N/A       1%          1
 Lesser Beckoning         Tloc           58%        N/A       1%          2
 Momentum Strike          Conj/Tloc      40%        3d9       1%          2
 Confusing Touch          Hex            24%        N/A       1%          3
 Teleport Other           Tloc           29%        N/A       1%          3
 Kiss of Death            Conj/Necr      44%        2d8       2%          1
 Summon Small Mammal      Summ           44%        N/A       2%          1
 Inner Flame              Hex/Fire       26%        N/A       2%          3
 Spider Form              Tmut/Pois      16%        N/A       3%          3
 Sublimation of Blood     Necr           11%        N/A       4%          2
 Call Canine Familiar     Summ           11%        N/A       8%          3
 Stone Arrow              Conj/Erth      22%        3d8       8%          3
 Airstrike                Air            5%         2d(1-17)  26%         4
 Dispel Undead            Necr           11%        3d9       26%         4
 Flame Wave               Conj/Fire      16%        2d7       26%         4
 Sticky Flame             Conj/Fire      16%        2d4       26%         4
 Lightning Bolt           Conj/Air       5%         1d17      54%         5
 Eringya's Noxious Bog    Tmut/Pois      8%         N/A       82%         6
 Statue Form              Tmut/Erth      10%        N/A       82%         6
 Simulacrum               Ice/Necr       5%         N/A       98%         6
 Summon Hydra             Summ           5%         N/A       100%        7
 Lehudib's Crystal Spear  Conj/Erth      5%         10d3      100%        8


Dungeon Overview and Level Annotations

Branches:
Dungeon (15/15)            Temple (0/1) D:7            Lair (4/5) D:11
 Shoals (4/4) Lair:2        Snake (4/4) Lair:3        Slime (0/5) Lair:4
    Orc (2/2) D:10            Elf (0/3) Orc:2        Vaults (2/5) D:13
 Depths (1/4) D:15          IceCv (visited)
  Crypt: Vaults:2-3

Altars:
Cheibriados
Dithmenos
Fedhas
Hepliaklqana
Nemelex Xobeh
Trog
Uskayaw
Xom
Yredelemnul
Zin
Jiyva

Shops:
D:10 *   D:13 (   D:15 (   Orc:1 *   Orc:2 [![!(   Snake:1 [   Snake:4 ([*


Innate Abilities, Weirdness & Mutations

You have razor-sharp teeth.
Your natural rate of healing is unusually fast.
When hurt, damage is shared between your health and your magic reserves.
Your bite disrupts and absorbs the magic of your enemies.
Potions cannot restore your health.


Message History

The ironbound convoker is severely wounded.
You hit the ironbound convoker.
The ironbound convoker looks as sick as possible!
You bite the ironbound convoker!
The ironbound convoker's magic leaks into the air.
You drain its magic.
You feel invigorated.
The ironbound convoker is almost dead.
The ironbound convoker hits you with a +0 morningstar.
You can now pass through a line of other dancers.
You chop the ironbound convoker into pieces!!!
You kill the ironbound convoker!
Two slime creatures merge to form a large slime creature.
You slice the large slime creature!! You bite the large slime creature!
You drain its power.
You feel invigorated.
The large slime creature is moderately wounded.
The vault warden activates a sealing rune.
A door slams shut!
You hit the large slime creature. You bite the large slime creature.
You drain its power.
The large slime creature is moderately wounded.
You slash the large slime creature!
The large slime creature is heavily wounded.
The vault warden hits you from afar with a +0 glaive of distortion!!
Space warps around you.
You barely miss the large slime creature.
You bite the large slime creature. You drain its power.
You feel invigorated.
The large slime creature is heavily wounded.
The vault warden hits you from afar with a +0 glaive!!
The vault warden hits you from afar with a +0 glaive of distortion!
Space warps horribly around you!
The large slime creature barely misses you.
Okay, then.
Casting: Vhi's Electric Charge (safe; 1% risk of failure)
Confirm with . or Enter, or press ? or * to list all spells.
The vault warden hits you from afar with a +0 glaive of distortion!!
* * * LOW HITPOINT WARNING * * *
Space warps horribly around you!!
* * * LOW HITPOINT WARNING * * *
The large slime creature hits you!!
You die...

###########+# +#
#...........# ..#
###.#.#.#.#.#.# ##$. #
.##...........# .J# .#
..'.#.#.#.#.#.###p.#
pp ..#...........+.[#
J#
..#.#.#.#.#.#.#.@##..#
.##...........###Jp#
###.#.#.#.#.#.# #..#
#...........# ###..
#.#.#.#.#.#.# ..#
#...†......)# ##
####'######### #.##.#
##..##


You could see 2 vault wardens, a large slime creature, a slime creature and a
friendly animated troll leather armour (summoned).

Vanquished Creatures
  Jorgrun (Shoals:2)
  A kraken (Shoals:1)
  Frances (Snake:1)
  The ghost of Nys Cevy the Brawler, an adept TrFi of Qazlal (Snake:2)
  5 sphinxes
  3 nagarajas
  3 vault wardens
  An orc warlord (Orc:2)
  5 ironbound preservers
  4 ironbound thunderhulks
  4 merfolk impalers
  A merfolk javelineer (Shoals:1)
  Josephine (Lair:4)
  A great orb of eyes (Vaults:1)
  2 yaktaur captains
  A rakshasa (D:15)
  4 salamander tyrants
  An ogre mage (D:15)
  6 merfolk aquamancers
  A quicksilver dragon skeleton (D:15)
  2 vault guards
  4 hydras
  Erolcha (Orc:1)
  8 centaur warriors
  8 anacondas
  6 two-headed ogres
  3 ironbound frosthearts
  7 boulder beetles
  A catoblepas (Lair:2)
  11 naga warriors
  8 satyrs
  2 shock serpents
  4 orc high priests
  9 naga sharpshooters
  2 sun demons (Shoals:1)
  Nergalle (Lair:2)
  2 skeletal warriors (D:15)
  7 salamander mystics
  A storm dragon skeleton (D:15)
  9 naga ritualists
  A wizard (Vaults:1)
  10 deep trolls (Vaults:1)
  A phantasmal warrior (D:15)
  21 sea snakes
  34 harpies
  A necromancer (D:15)
  9 orc knights
  5 lindwurms
  2 deep elf pyromancers
  3 ironbound convokers
  6 mana vipers
  The ghost of Notanamesir the Skirmisher, a novice HOHu of Beogh (D:6)
  13 ugly things
  15 fauns
  3 orc sorcerers
  7 cyclopes
  19 salamanders
  14 manticores
  The ghost of wogdood the Chopper, a novice TrGl of Qazlal (D:6)
  A frost giant skeleton (D:15)
  4 water nymphs
  An apocalypse crab (Shoals:1)
  2 ice statues (IceCv)
  41 black mambas
  6 vault sentinels
  8 merfolk sirens
  5 guardian serpents
  12 naga magi
  6 cane toads
  2 torpor snails
  2 gargoyles (D:13)
  An unseen horror (D:10)
  A rime drake (Lair:2)
  3 komodo dragons
  A freezing wraith (IceCv)
  4 kobold demonologists
  11 yaktaurs
  4 ice devils (IceCv)
  3 trolls
  A polar bear (shapeshifter) (D:13)
  16 merfolk
  A queen bee (D:14)
  7 polar bears
  5 wind drakes
  3 meliai (D:14)
  14 blink frogs
  A spriggan zombie (D:15)
  6 snapping turtles
  8 dream sheep
  10 slime creatures
  7 wraiths
  A yak (shapeshifter) (D:15)
  A dire elephant simulacrum (IceCv)
  11 water elementals
  A wyvern (D:11)
  A vampire (D:12)
  55 yaks
  A shadow (D:11)
  5 basilisks
  A death yak simulacrum (IceCv)
  A steam dragon (Lair:2)
  7 wargs
  34 nagas
  12 water moccasins
  An acid dragon (D:13)
  32 orc warriors
  3 black bears
  23 ogres
  An ice beast (D:7)
  4 centaurs
  3 phantoms
  6 kobold brigands
  3 nameless horrors
  3 necrophages
  9 bullfrogs
  4 two-headed ogre simulacra
  3 scorpions
  2 water moccasin zombies (D:5)
  A cane toad simulacrum (IceCv)
  18 killer bees
  An elephant simulacrum (IceCv)
  An electric eel (D:6)
  5 howler monkeys
  A centaur zombie (D:5)
  5 hounds
  3 jellies
  25 orc priests
  4 gnoll boudas
  3 iguanas (D:6)
  4 hell rats (Lair:4)
  26 orc wizards
  2 polar bear simulacra (IceCv)
  3 spriggan simulacra (IceCv)
  5 troll simulacra
  A wolf simulacrum (IceCv)
  18 gnolls
  7 adders
  4 naga simulacra
  2 white imps (IceCv)
  3 ufetubi
  A worm (D:3)
  12 dart slugs
  96 orcs
  6 ball pythons
  6 bats
  11 endoplasms
  3 giant cockroaches
  3 hobgoblins (D:1)
  6 jackals
  25 kobolds
  9 quokkas
  4 frilled lizards
  6 goblins
  5 rats
  A spectral orc (D:8)
  4 tentacles (Shoals:1)
1074 creatures vanquished.

Vanquished Creatures (collateral kills)
  Mlioglotl (Shoals:2)
  Donald (Shoals:4)
  A merfolk impaler (Shoals:4)
  2 naga warriors
  A satyr (Shoals:2)
  Lodul (D:14)
  A naga ritualist (Snake:1)
  An orc knight (D:10)
  2 naga magi (Snake:4)
  2 ice devils (IceCv)
  2 merfolk (Shoals:3)
  An orc (D:10)
16 creatures vanquished.

Vanquished Creatures (others)
  A naga warrior (Snake:4)
  A mana viper (Snake:4)
  A faun (Shoals:4)
  A yaktaur (Vaults:1)
  11 dancing weapons
  3 nagas (Snake:4)
  13 fungi
  67 plants
  3 starspawn tentacles (Shoals:2)
  20 tentacles
  6 withered plants (D:6)
127 creatures vanquished.

Grand Total: 1217 creatures vanquished

Notes
Turn   | Place    | Note
-------+----------+-------------------------------------------
     0 | D:1      | Leeroy the Vine Stalker Warper began the quest for the Orb.
     0 | D:1      | Reached XP level 1. HP: 11/11 MP: 4/4
   129 | D:1      | Reached XP level 2. HP: 5/15 MP: 3/6
   151 | D:1      | Upgraded the game from 0.30-a0-739-gea05faddec to
                  | 0.30-a0-743-gbfdf073431
   445 | D:1      | Reached XP level 3. HP: 18/18 MP: 7/7
   796 | D:2      | Reached skill level 2 in Long Blades
  1013 | D:2      | Gained mutation: Your natural rate of healing is unusually
                  | fast. [Vine Stalker growth]
  1013 | D:2      | Reached XP level 4. HP: 17/23 MP: 6/8
  1683 | D:3      | Found a shadowy altar of Dithmenos.
  1683 | D:3      | Found a snail-covered altar of Cheibriados.
  1793 | D:3      | Found a blossoming altar of Fedhas.
  1820 | D:3      | Found a glowing silver altar of Zin.
  1832 | D:3      | Found a shimmering altar of Xom.
  2387 | D:4      | Reached XP level 5. HP: 28/28 MP: 9/9
  2489 | D:4      | Reached skill level 3 in Long Blades
  2509 | D:4      | Reached XP level 6. HP: 3/32 MP: 1/10
  2604 | D:4      | Reached skill level 4 in Long Blades
  2629 | D:4      | Noticed a black bear
  2637 | D:4      | Killed a black bear
  2638 | D:4      | Reached skill level 5 in Long Blades
  2690 | D:4      | Reached XP level 7. HP: 36/36 MP: 9/11
  2821 | D:4      | Learned a level 2 spell: Blink
  2825 | D:4      | Learned a level 3 spell: Vhi's Electric Charge
  2830 | D:4      | Learned a level 4 spell: Manifold Assault
  3018 | D:4      | Identified the +0 ring mail of the Evening Star {rC- rN++}
  3059 | D:4      | Reached skill level 6 in Long Blades
  3478 | D:5      | Entered Level 5 of the Dungeon
  3567 | D:5      | Gained mutation: You have razor-sharp teeth. [Vine Stalker
                  | growth]
  3567 | D:5      | Reached XP level 8. HP: 30/40 MP: 8/12
  3571 | D:5      | Reached skill level 7 in Long Blades
  3810 | D:5      | Reached skill level 8 in Long Blades
  4318 | D:6      | Found a basalt altar of Yredelemnul.
  4477 | D:6      | Reached skill level 9 in Long Blades
  4667 | D:6      | Found a hide-covered altar of Uskayaw.
  4667 | D:6      | Noticed a +0 dagger
  4668 | D:6      | Noticed a +0 hand axe
  4686 | D:6      | Reached XP level 9. HP: 44/44 MP: 10/13
  4854 | D:6      | Found a runed translucent gate.
  4855 | D:6      | Found a runed translucent gate.
  4855 | D:6      | Found a runed translucent gate.
  4856 | D:6      | Noticed wogdood's ghost (novice TrGl)
  4856 | D:6      | Noticed Notanamesir's ghost (novice HOHu)
  5009 | D:6      | Became a worshipper of Uskayaw the Reveller
  5034 | D:6      | Reached * piety under Uskayaw
  5222 | D:7      | Reached ** piety under Uskayaw
  5223 | D:7      | Reached skill level 10 in Long Blades
  5248 | D:7      | Learned a level 3 spell: Tukima's Dance
  5260 | D:7      | Reached skill level 1 in Armour
  5299 | D:7      | Reached *** piety under Uskayaw
  5304 | D:7      | Reached **** piety under Uskayaw
  5382 | D:7      | Found a staircase to the Ecumenical Temple.
  5795 | D:7      | Reached ***** piety under Uskayaw
  6487 | D:7      | Learned a level 4 spell: Passage of Golubria
  6592 | D:8      | Reached skill level 5 in Spellcasting
  6723 | D:8      | Found a sparkling altar of Nemelex Xobeh.
  6776 | D:8      | Found a hazy altar of Hepliaklqana.
  7699 | D:9      | Reached XP level 10. HP: 47/49 MP: 17/20
  8042 | D:10     | Entered Level 10 of the Dungeon
  8127 | D:10     | Found a staircase to the Orcish Mines.
  8618 | D:10     | Found Mausulau's General Store.
  8717 | D:10     | Killed an unseen horror
  8779 | D:10     | Found a bloodstained altar of Trog.
  9106 | D:10     | Learned a level 5 spell: Yara's Violent Unravelling
  9119 | D:11     | Noticed a boulder beetle
  9147 | D:11     | Killed a boulder beetle
  9280 | D:11     | Noticed a red ugly thing
  9291 | D:11     | Killed a red ugly thing
  9324 | D:11     | Found a frozen archway.
  9325 | D:11     | Noticed a boulder beetle
  9336 | D:11     | Killed a boulder beetle
  9337 | D:11     | Reached skill level 10 in Spellcasting
  9337 | D:11     | Reached XP level 11. HP: 38/52 MP: 13/26
  9431 | IceCv    | Entered an ice cave
  9441 | IceCv    | Learned a level 2 spell: Wereblood
  9491 | IceCv    | Reached skill level 1 in Evocations
 10169 | IceCv    | Reached skill level 5 in Dodging
 11064 | IceCv    | Noticed a reaper
 11714 | IceCv    | Found the +8 frozen axe "Frostbite" {freeze, freezing
                  | cloud, *Noise Fly rC+}
 11737 | IceCv    | Identified the +1 ice dragon scales of Hangman {*Corrode
                  | rElec rF- rC++ Str+5 Dex-5}
 11852 | D:11     | Noticed a manticore
 11854 | D:11     | Killed a manticore
 11855 | D:11     | Reached skill level 1 in Invocations
 11968 | D:11     | Found a staircase to the Lair.
 12411 | D:12     | Noticed a brown ugly thing
 12475 | D:12     | Noticed a deep elf pyromancer
 12475 | D:12     | Noticed a boulder beetle
 12497 | D:12     | Killed a deep elf pyromancer
 12515 | D:12     | Killed a boulder beetle
 12516 | D:12     | Reached skill level 5 in Invocations
 12763 | D:12     | Reached XP level 12. HP: 56/56 MP: 27/27
 12779 | D:12     | Reached ****** piety under Uskayaw
 13560 | D:13     | Noticed a centaur warrior
 13564 | D:13     | Killed a centaur warrior
 13600 | D:13     | Found Baro's Antique Weapon Shoppe.
 13630 | D:13     | Bought a glowing long sword for 156 gold pieces
 13821 | D:13     | Reached skill level 10 in Invocations
 14135 | D:13     | Noticed a two-headed ogre
 14158 | D:14     | Noticed Lodul
 14468 | D:14     | Noticed a two-headed ogre
 14475 | D:14     | Killed a two-headed ogre
 14504 | D:14     | Noticed a centaur warrior
 14505 | D:14     | Noticed a centaur warrior
 14511 | D:14     | Killed a centaur warrior
 14512 | D:14     | Reached skill level 11 in Long Blades
 14516 | D:14     | Killed a centaur warrior
 14710 | D:14     | Reached XP level 13. HP: 53/60 MP: 23/28
 14810 | D:14     | Reached skill level 12 in Long Blades
 15350 | Lair:1   | Entered Level 1 of the Lair of Beasts
 16215 | Lair:1   | Reached skill level 13 in Long Blades
 16371 | Lair:2   | Noticed Nergalle
 16391 | Lair:2   | Killed Nergalle
 16413 | Lair:2   | Found a staircase to the Shoals.
 16622 | Lair:2   | Reached skill level 14 in Long Blades
 16694 | Lair:2   | You fall into a shaft and drop 2 floors!
 17034 | Lair:4   | Reached skill level 5 in Fighting
 17057 | Lair:4   | Noticed Josephine
 17092 | Lair:4   | Killed Josephine
 17093 | Lair:4   | Reached XP level 14. HP: 59/70 MP: 25/29
 17333 | Lair:4   | Found a staircase to the Slime Pits.
 17333 | Lair:4   | Found a viscous altar of Jiyva.
 17874 | Lair:3   | Found a staircase to the Snake Pit.
 19053 | Shoals:1 | Entered Level 1 of the Shoals
 19589 | Shoals:1 | Identified the +2 leather armour of Yrustrec {Drain rElec
                  | Will+}
 20390 | Orc:1    | Entered Level 1 of the Orcish Mines
 20457 | Orc:1    | Reached XP level 15. HP: 61/77 MP: 20/34
 21617 | Orc:1    | Found Wauniv's General Store.
 21625 | Orc:1    | Bought the ring of Futycrieqi {Fire Dex+6 Stlth+} for 711
                  | gold pieces
 21863 | Orc:2    | Entered Level 2 of the Orcish Mines
 21868 | Orc:2    | Reached skill level 15 in Spellcasting
 21908 | Orc:2    | Found a staircase to the Elven Halls.
 22254 | Orc:2    | Learned a level 4 spell: Summon Lightning Spire
 22260 | Orc:2    | Learned a level 5 spell: Metabolic Englaciation
 22365 | Orc:2    | Found Cil Niuck's Distillery.
 22608 | Orc:2    | Noticed an orc warlord
 23164 | Orc:2    | Found Ireimnin's Antique Weapon Shop.
 23176 | Orc:2    | Found Asulimar's Antique Armour Boutique.
 23181 | Orc:2    | Bought a bloodstained long sword for 272 gold pieces
 23181 | Orc:2    | Identified the +1 long sword of the Butterfly {vamp, Drain
                  | Will- Int+6 Dex+2} (You bought it in a shop on level 2 of
                  | the Orcish Mines)
 23191 | Orc:2    | Bought a shiny helmet for 202 gold pieces
 23503 | Orc:2    | Found Cainn's Antique Armour Emporium.
 23511 | Orc:2    | Bought a pair of buzzing gloves for 294 gold pieces
 23511 | Orc:2    | Identified the +1 pair of gloves of the Hall of Blades
                  | {Rampage *Corrode rPois} (You bought it in a shop on level
                  | 2 of the Orcish Mines)
 23660 | Orc:2    | Reached skill level 1 in Hexes
 23663 | Orc:2    | Found Ollidywn's Distillery.
 23668 | Orc:2    | Bought a potion of curing for 33 gold pieces
 23668 | Orc:2    | Bought a potion of curing for 33 gold pieces
 23668 | Orc:2    | Bought a potion of magic for 88 gold pieces
 23793 | Orc:2    | Killed an orc warlord
 23890 | Orc:1    | Noticed Erolcha
 23906 | Orc:1    | Killed Erolcha
 24269 | D:6      | Killed Notanamesir's ghost
 24274 | D:6      | Killed wogdood's ghost
 24629 | D:13     | Found a gate to the Vaults.
 24824 | D:13     | Reached skill level 5 in Hexes
 24925 | D:14     | Killed Lodul
 25120 | D:15     | Entered Level 15 of the Dungeon
 25190 | D:15     | Found Kify's Weapon Shop.
 25358 | D:15     | Found a staircase to the Depths.
 25599 | D:15     | Reached skill level 10 in Fighting
 25811 | D:15     | Reached skill level 1 in Transmutations
 25917 | Depths:1 | Entered Level 1 of the Depths
 26366 | Shoals:1 | Paralysed by you for 2 turns
 26383 | Shoals:1 | Reached XP level 16. HP: 48/85 MP: 24/36
 26694 | Shoals:1 | Noticed a kraken
 26743 | Shoals:1 | Killed a kraken
 26936 | Shoals:2 | Reached skill level 5 in Translocations
 27028 | Shoals:2 | Noticed Jorgrun
 27157 | Shoals:2 | Killed Jorgrun
 27314 | Shoals:2 | Learned a level 4 spell: Petrify
 27318 | Shoals:2 | Learned a level 3 spell: Summon Guardian Golem
 27638 | Shoals:2 | Noticed Mlioglotl
 28316 | Shoals:3 | Reached skill level 15 in Long Blades
 28472 | Shoals:3 | Identified the +11 quarterstaff "Uwivydoj" {drain, +Blink
                  | rC+ Int-2}
 28598 | Shoals:3 | Reached skill level 5 in Armour
 28738 | Shoals:4 | Entered Level 4 of the Shoals
 29117 | Shoals:4 | Identified the +4 kite shield of Famereidie {Int+2 Stlth+}
 29117 | Shoals:4 | Noticed Donald
 29201 | Shoals:4 | Killed Donald
 29334 | Shoals:3 | Reached XP level 17. HP: 88/90 MP: 37/37
 29709 | Shoals:4 | Noticed a sphinx
 29709 | Shoals:4 | Noticed a sphinx
 29722 | Shoals:4 | Killed a sphinx
 29726 | Shoals:4 | Killed a sphinx
 29730 | Shoals:4 | Got a barnacled rune of Zot
 29827 | Shoals:4 | Noticed a sphinx
 29840 | Shoals:4 | Found the ring of the Octopus King {rC+ HP+2 AC+2 EV+2
                  | SH+2}
 29852 | Shoals:4 | Killed a sphinx
 30197 | Shoals:4 | Noticed a sphinx
 30204 | Shoals:4 | Killed a sphinx
 30839 | Shoals:3 | Noticed a kraken
 31350 | Shoals:2 | Noticed a tentacled starspawn
 31368 | Shoals:2 | Killed Mlioglotl
 31606 | Lair:3   | Learned a level 3 spell: Ozocubu's Armour
 31607 | Snake:1  | Entered Level 1 of the Snake Pit
 31836 | Snake:1  | Learned a level 4 spell: Animate Armour
 32521 | Snake:1  | Noticed Frances
 32535 | Snake:1  | Killed Frances
 32559 | Snake:1  | Found Yfysik's Antique Armour Shop.
 33513 | Snake:2  | Reached XP level 18. HP: 100/100 MP: 1/39
 34646 | Snake:2  | Found a runed translucent gate.
 34646 | Snake:2  | Found a runed translucent gate.
 34646 | Snake:2  | Found a runed translucent gate.
 34648 | Snake:2  | Noticed Nys Cevy's ghost (adept TrFi)
 34724 | Snake:2  | HP: 1/100 [Nys Cevy's ghost (14)]
 34792 | Snake:2  | Killed Nys Cevy's ghost
 34934 | Snake:2  | Got the Anthology of Moulding
 35726 | Snake:3  | Identified a scroll of acquirement
 35740 | Snake:3  | Acquired a +1 great sword of protection
 36250 | Snake:4  | Entered Level 4 of the Snake Pit
 36256 | Snake:4  | Found Enikum's Assorted Antiques.
 36258 | Snake:4  | Found Ymos's Armour Emporium.
 36263 | Snake:4  | Found Dalam's Antique Weapon Shoppe.
 36271 | Snake:4  | Bought a smouldering scimitar for 306 gold pieces
 36271 | Snake:4  | Identified the +0 scimitar "Hymoorr" {antimagic, rF++ rN+}
                  | (You bought it in a shop on level 4 of the Snake Pit)
 36276 | Snake:4  | Bought a scarf of resistance for 384 gold pieces
 36384 | Snake:4  | HP: 3/102 [naga warrior/+0 war axe (18)]
 37596 | Snake:4  | Reached skill level 16 in Long Blades
 38306 | Snake:4  | Got a serpentine rune of Zot
 38812 | Vaults:1 | Entered Level 1 of the Vaults
 38869 | Vaults:1 | Reached skill level 17 in Long Blades
 39380 | Vaults:1 | Identified the +7 sling "Zahehoo" {speed, Contam rPois
                  | rCorr MP-9}
 39412 | Vaults:1 | Reached XP level 19. HP: 89/106 MP: 33/41
 39728 | Vaults:1 | Reached skill level 18 in Long Blades
 40889 | Vaults:2 | Mangled by a large slime creature

Illustrated notes

Levels and vault maps discovered:
D:1:      dpeg_arrival_pits, layout_loops_ring
D:2:      layout_basic, minmay_split_cup_small
D:3:      layout_basic, amethyst_overflow_temple_binary,
          minmay_overflow_temple_star_quad, minmay_misc_feat_chi
D:4:      layout_loops_corners
D:5:      layout_loops_ring, serial_undead, serial_undead_b, serial_undead_e,
          serial_undead_b, serial_undead_e, chequers_serial_rivers_small_b
D:6:      kennysheep_slugbush, layout_loops_ring, dancing_weapons_uskayaw,
          mainiacjoe_overflow_cross_hatched, gammafunk_ghost_cemetery,
          hangedman_decor_points
D:7:      layout_layer_cave, minmay_temple_entry_large_hall
D:8:      layout_loops_cross, nicolae_hepliaklqana_monster_ancestors,
          nemelex_xobeh_ov_fountains_minmay, hangedman_decor_diamond_cutter,
          chequers_serial_rivers_micro_e
D:9:      layout_cave_pods
D:10:     layout_roguey, trog_ov_bears_minmay, erik_orc_3, serial_shops, shop
D:11:     layout_loops_ring, david_lair_generic,
          portal_ice_cave_entry_ice_simulacra, gauntlet_entry_generic
D:12:     layout_loops_corners, abandoned_shop, nzn_life_drinkers
D:13:     layout_loops_ring, skrybe_vaults_entry_preservation, serial_shops,
          shop, hex_large
D:14:     layout_cross, minmay_misc_feat_x, nicolae_looking_at_the_future,
          uniq_lodul
D:15:     gammafunk_depths_entry_grave, layout_stronghold, serial_shops, shop,
          minmay_between
Lair:1:   layout_hall_layers, amcnicky_mini_pool_medium
Lair:2:   layout_concentric_octagons, elwin_shoals_entry_stream,
          grunt_megastairs_5, lemuel_fruit_fields, uniq_nergalle
Lair:3:   layout_loops_ring, dummy_snake_entry, st_stairs_4
Lair:4:   layout_regular_city, nicolae_slime_entry_slimehenge, uniq_josephine
Shoals:1: dreamdust_from_the_deep, layout_shoals, nicolae_shoals_sun_and_surf
Shoals:2: layout_shoals, uniq_mlioglotl, uniq_jorgrun
Shoals:3: cheibrodos_shoals_three_sisters, layout_shoals
Shoals:4: shoals_end_hellmonk_lost_city, uniq_donald
Snake:1:  layout_onion, serial_shops, shop, uniq_frances
Snake:2:  layout_layer_cave, ebering_ghost_rock_garden, nicolae_triple_integral,
          serial_bayou_shore_b
Snake:3:  nrook_guardian_serpent_snake_passage, layout_cave_town
Snake:4:  johnstein_snake_rune_scales, layout_gridlike,
          nicolae_snake_serpentine_hallways, serial_bayou_shore_a,
          minmay_shop_star
Orc:1:    layout_diamond_mine, guppyfry_orc_lava_fort, uniq_erolcha
Orc:2:    grunt_orc_community_town_hall, layout_caves,
          grunt_orc_community_big_house_1, grunt_orc_community_big_house_2,
          grunt_orc_community_house_2, grunt_orc_community_house_1,
          grunt_orc_community_house_3, grunt_orc_community_house_3,
          grunt_orc_community_house_2, grunt_orc_community_house_2,
          serial_shops, nicolae_shop_window_shopping, library_closet
Vaults:1: v_alt_pattern_1, ontoclasm_vaults_loading_screen,
          ontoclasm_vaults_eye, ontoclasm_vaults_chip, layout_vaults_quadrants
Vaults:2: dpeg_vaults_monster_row, vaults_dpeg_emergency_exit,
          vaults_mumra_minichess_inversion, v_alt_pattern_1,
          vaults_room_hallway, nicolae_vaults_yaktaur_gun_rack,
          ontoclasm_vaults_spin, vaults_mumra_lcd, vaults_dpeg_ring, st_cross,
          nicolae_vaults_ninety_degrees, nicolae_vaults_alarming,
          layout_vaults_omnibox
Depths:1: layout_roguey, nicolae_concentric_dashed_squares_mild,
          grunt_hell_entry_demonic_statue, grunt_ministairs_3,
          minmay_fountain_box, small_chamber_with_monster,
          nicolae_alphabet_shops, nrook_kobold_shadow_demons

Skill      XL: |  1  2  3  4  5  6  7  8  9 10 11 12 13 14 15 16 17 18 19 |
---------------+----------------------------------------------------------+-----
Dodging        | 2 3 4 5 7 |  7.1
Long Blades    | 2 3 5 6 9 10 11 14 15 17 18 | 18.6
Fighting       | 3 6 8 10 13 14 | 14.0
Armour         | 3 4 5 |  5.9
Spellcasting   | 6 10 14 15 16 17 | 17.2
Evocations     | 3 |  3.8
Invocations    | 6 10 | 10.2
Hexes          | 5 |  5.2
Transmutations | 2 4 |  4.1
Translocations | 7 |  7.1
Throwing       | |  0.8
Shields        | |  0.3

Action                     |  1- 3 |  4- 6 |  7- 9 | 10-12 | 13-15 | 16-18 | 19-21 || total
---------------------------+-------+-------+-------+-------+-------+-------+-------++-------
  Melee: Whip              |    78 |    47 |       |       |       |       |       ||   125
         Bite              |    20 |    29 |   122 |   245 |   613 |   565 |    74 ||  1668
         Punch             |     1 |       |     5 |     8 |    25 |    31 |       ||    70
         Long sword        |       |    63 |   406 |   661 |  1466 |   738 |       ||  3334
         Dagger            |       |       |       |    23 |       |       |       ||    23
         Scimitar          |       |       |       |       |       |   662 |       ||   662
         Great sword       |       |       |       |       |       |    39 |   155 ||   194
  Throw: Boomerang         |       |       |    13 |     1 |     5 |     3 |       ||    22
         Dart              |       |       |       |     3 |     1 |    17 |       ||    21
   Cast: Blink             |       |       |       |     7 |     8 |    15 |     2 ||    32
         Vhi's Electric Ch |       |       |       |    19 |    71 |   108 |    20 ||   218
         Manifold Assault  |       |       |       |     2 |    31 |   109 |       ||   142
         Wereblood         |       |       |       |       |     3 |       |       ||     3
         Tukima's Dance    |       |       |       |       |    29 |    47 |       ||    76
         Yara's Violent Un |       |       |       |       |     7 |    13 |       ||    20
         Summon Lightning  |       |       |       |       |     6 |    16 |       ||    22
         Metabolic Englaci |       |       |       |       |     3 |    10 |       ||    13
         Summon Guardian G |       |       |       |       |       |    22 |       ||    22
         Animate Armour    |       |       |       |       |       |    28 |     4 ||    32
         Ozocubu's Armour  |       |       |       |       |       |     5 |       ||     5
         Passage of Golubr |       |       |       |       |       |     1 |       ||     1
 Invoke: Stomp             |       |       |       |       |       |     1 |       ||     1
  Evoke: Wand              |       |       |       |    53 |    31 |    23 |       ||   107
    Use: Scroll            |       |       |       |    25 |    18 |    14 |     1 ||    58
         Potion            |       |       |       |       |     1 |    14 |     2 ||    17
   Stab: Sleeping          |     2 |       |     2 |       |     1 |     3 |       ||     8
         Distracted        |       |     1 |       |     3 |       |     4 |     1 ||     9
         Paralysed         |       |       |    13 |    42 |   133 |   139 |    25 ||   352
 Armour: Leather armour    |    26 |    87 |   172 |    77 |       |       |       ||   362
         Robe              |       |       |       |    90 |   302 |   228 |       ||   620
         Troll leather arm |       |       |       |       |       |   134 |    21 ||   155
  Dodge: Dodged            |    46 |    92 |   289 |   539 |  1179 |  1040 |    74 ||  3259
  Block: Other             |       |       |    52 |    50 |       |       |       ||   102
         Reflection        |       |       |     4 |     1 |       |       |       ||     5

Table legend: (Time is in decaauts)
 A = Elapsed time spent in this place.
 B = Non-inter-level travel time spent in this place.
 C = Inter-level travel time spent in this place.
 D = Time resting spent in this place.
 E = Time spent auto-exploring this place.
 F = Levels seen in this place.
 G = Mean time per level.
                   A        B        C        D        E       F      G
               +--------+--------+--------+--------+--------+-----+--------+
         Total |  40401 |  37293 |   3108 |   6630 |  21434 |  33 | 1224.3 |
       Dungeon |  16113 |  14297 |   1816 |   1205 |   9878 |  15 | 1074.2 |
          Lair |   4087 |   3698 |    389 |    216 |   2715 |   4 | 1021.8 |
        Shoals |   6346 |   6063 |    283 |   1839 |   2312 |   4 | 1586.5 |
     Snake Pit |   6700 |   6444 |    256 |    982 |   3994 |   4 | 1675.0 |
  Orcish Mines |   2744 |   2521 |    223 |    453 |   1258 |   2 | 1372.0 |
        Vaults |   2035 |   1895 |    140 |    309 |   1113 |   2 | 1017.5 |
        Depths |      1 |      1 |      0 |      0 |      0 |   1 |    1.0 |
      Ice Cave |   2372 |   2372 |      0 |   1624 |    163 |   1 | 2372.0 |
               +--------+--------+--------+--------+--------+-----+--------+

Top non-repeatable levels by time:
   IceCv: 2372 daAuts
 Snake:2: 2302 daAuts
 Snake:4: 2282 daAuts
    D:10: 1991 daAuts
Shoals:1: 1962 daAuts
   Orc:2: 1868 daAuts
Vaults:1: 1823 daAuts
Shoals:4: 1564 daAuts
Shoals:3: 1533 daAuts
    D:13: 1424 daAuts
    D:12: 1324 daAuts
     D:7: 1309 daAuts
Shoals:2: 1286 daAuts
 Snake:1: 1159 daAuts
  Lair:2: 1154 daAuts
